 Dungeon Crawl Stone Soup version 0.30.0-20-g3615ddf2f0 (webtiles) character file.

Game seed: 17586085232175991525

533 qw the Chopper (level 7, 0/44 HPs)
             Began as a Gargoyle Fighter on May 30, 2023.
             Killed from afar by a steam dragon (15 damage)
             ... with a ball of steam
             ... on level 4 of the Dungeon.
             The game lasted 00:01:07 (2355 turns).

qw the Chopper (Gargoyle Fighter)                   Turns: 2355, Time: 00:01:07

Health: 0/44       AC: 18    Str: 21    XL:     7   Next: 24%
Magic:  7/7        EV:  5    Int:  9    God:
Gold:   277        SH:  6    Dex:  9    Spells: 6/6 levels left

rFire   . . .        Y - +0 war axe
rCold   . . .        g - +2 buckler
rNeg    + . .        k - +0 plate armour
rPois   inf          l - +0 helmet
rElec   +            (no cloak)
rCorr   .            i - +0 pair of gloves
SInv    .            (no boots)
Will    .....        (no amulet) Stlth
                     (no ring)
HPRegen 0.27/turn    (no ring)
MPRegen 0.10/turn

%: no passive effects
@: no status effects
A: sickness immunity, AC +4, negative energy resistance 1, electricity
resistance, torment resistance 1, petrification resistance
a: no special abilities


You were on level 4 of the Dungeon.
You visited 1 branch of the dungeon, and saw 4 of its levels.

You collected 277 gold pieces.


Innate Abilities, Weirdness & Mutations

You are immune to sickness and miasma.
Your stone body is resilient. (AC +4)
You are immune to poison.
You resist negative energy. (rN+)
You are resistant to electric shocks. (rElec)
You are resistant to unholy torment.
You are immune to petrification.


   Skills:
 - Level 4.7 Fighting
 - Level 6.2 Axes
 - Level 1.3 Throwing
 + Level 3.2 Armour
 - Level 3.2 Shields


You had 6 spell levels left.
You didn't know any spells.
Your spell library was empty.

Inventory:

Hand Weapons
 b - a +2 whip of venom
 Y - a +0 war axe (weapon)
Missiles
 f - 2 javelins (quivered)
Armour
 g - a +2 buckler (worn)
 i - a +0 pair of gloves (worn)
 k - a +0 plate armour (worn)
 l - a +0 helmet (worn)
 o - a +0 pair of boots
Scrolls
 h - 3 scrolls of identify
 q - a scroll of teleportation
Potions
 a - a potion of cancellation
 c - a potion of attraction
 d - a potion of might
 e - 2 potions of lignification {unknown}
 j - a potion of curing
 m - a potion of brilliance {unknown}
 n - a potion of heal wounds {unknown}
 p - a potion of flight {unknown}

Dungeon Overview and Level Annotations

Branches:
Dungeon (4/15)
 Temple: D:4-7

Altars:
Fedhas

Annotations:
D:2 1 runed translucent door, Crazy Yiuf


Message History

Grinder gestures at you.
You suddenly lose the ability to move!
Grinder blinks!
You can move again.
Grinder blinks!
Enter note: You slash Grinder!
Grinder is almost dead.
Grinder gestures at you.
You barely resist. You slash Grinder!
You kill Grinder!
Your Axes skill increases to level 6!
You have reached level 7!
A steam dragon comes into view.
Found a stone staircase leading down.
Enter note: The steam dragon breathes steam at you.
The ball of steam hits you.
Enter note:
2349 ||| Stepping ~*~*~tactically~*~*~ (cloud).
You start resting.
You're standing in a cloud of steam!
Enter note:
Enter note: You barely miss the steam dragon.
You block the steam dragon's attack. The steam dragon claws you.
You barely miss the steam dragon. The steam dragon breathes steam at you.
The ball of steam hits you!
You barely miss the steam dragon.
You are engulfed in a cloud of scalding steam.
The steam dragon bites you. The steam dragon barely misses you.
You hit the steam dragon.
The steam dragon is lightly wounded.
You are engulfed in a cloud of scalding steam.
The steam dragon bites you but does no damage.
The steam dragon claws you but does no damage.
The steam dragon breathes steam at you. The ball of steam hits you!
You die...

#...######....###
##....#.....####
#....#...####
##..###..## #..##
#..# #### ##.#
#¤## #¤¤# #¤@#
#.D...#
#.........
......####
.....### ###.>.#
##... ##..


You could see a steam dragon (catching breath).

Vanquished Creatures
  Grinder (D:4)
  A water moccasin (D:3)
  A phantom (D:3)
  Jessica (D:2)
  Natasha (D:4)
  4 gnolls (D:3)
  An adder (D:2)
  A dart slug (D:1)
  An orc (D:3)
  6 ball pythons
  5 endoplasms
  4 giant cockroaches (D:1)
  9 goblins
  5 hobgoblins
  2 jackals (D:1)
  5 quokkas
  2 bats (D:1)
  A frilled lizard (D:3)
  4 kobolds
  3 rats
58 creatures vanquished.

Notes
Turn   | Place    | Note
-------+----------+-------------------------------------------
     0 | D:1      | qw the Gargoyle Fighter began the quest for the Orb.
     0 | D:1      | Reached XP level 1. HP: 14/14 MP: 1/1
     0 | D:1      | 0 ||| qw: Version: 0.2-a-102-g2b76a06
     0 | D:1      | 0 ||| qw: Game counter: 467
     0 | D:1      | 0 ||| qw: Always use a shield: true
     0 | D:1      | 0 ||| qw: God list: Okawaru
     0 | D:1      | 0 ||| qw: Allow faded altars: false
     0 | D:1      | 0 ||| qw: Do Orc after D:15 true
     0 | D:1      | 0 ||| qw: Do second Lair branch before Depths: true
     0 | D:1      | 0 ||| qw: Lair rune preference: random
     0 | D:1      | 0 ||| qw: Plans: Normal, Zot:1-4, Slime:5, God:TSO, Crypt,
                  | Tomb, Pan, Hells, Abyss, Win
     0 | D:1      | 0 ||| PLANNING D:1-11
    16 | D:1      | Reached skill level 2 in Axes
    94 | D:1      | Reached XP level 2. HP: 19/19 MP: 2/2
   119 | D:1      | 119 ||| Stepping ~*~*~tactically~*~*~ (stealth).
   342 | D:1      | Reached skill level 3 in Axes
   360 | D:1      | Reached XP level 3. HP: 23/23 MP: 3/3
   544 | D:1      | 544 ||| Stepping ~*~*~tactically~*~*~ (stealth).
   706 | D:1      | 706 ||| UPGRADING to +2 buckler.
   716 | D:1      | 716 ||| DROPPING +0 buckler.
   717 | D:1      | 717 ||| READING scroll labelled IKKOGIHEOB.
   720 | D:1      | 720 ||| READING scroll labelled HAXZAS XESM.
   738 | D:2      | Reached skill level 1 in Throwing
   789 | D:2      | Found a blossoming altar of Fedhas.
   794 | D:2      | Noticed Jessica
   799 | D:2      | Killed Jessica
   800 | D:2      | Reached XP level 4. HP: 28/28 MP: 4/4
   805 | D:2      | 805 ||| Stepping ~*~*~tactically~*~*~ (stealth).
   806 | D:2      | 806 ||| Stepping ~*~*~tactically~*~*~ (stealth).
  1109 | D:2      | Found a runed translucent door.
  1110 | D:2      | Noticed Crazy Yiuf
  1113 | D:2      | 1113 ||| UPGRADING to +0 pair of gloves.
  1118 | D:2      | 1118 ||| UPGRADING to +0 plate armour.
  1128 | D:2      | 1128 ||| DROPPING +0 scale mail.
  1129 | D:2      | 1129 ||| UPGRADING to +0 helmet.
  1134 | D:2      | 1134 ||| DROPPING +6 ring of intelligence.
  1135 | D:2      | 1135 ||| READING scroll labelled HISIUQ CEGE.
  1136 | D:2      | 1136 ||| DRINKING 2 grey potions.
  1137 | D:2      | 1137 ||| READING 2 scrolls of identify.
  1137 | D:2      | 1137 ||| IDENTIFYING sedimented brown potion
  1138 | D:2      | 1138 ||| DROPPING potion of ambrosia.
  1277 | D:3      | Noticed a phantom
  1303 | D:3      | Killed a phantom
  1304 | D:3      | Reached skill level 4 in Axes
  1304 | D:3      | Reached XP level 5. HP: 26/32 MP: 5/5
  1336 | D:3      | 1336 ||| DROPPING +0 mace.
  1452 | D:3      | 1452 ||| Stepping ~*~*~tactically~*~*~ (hiding).
  1453 | D:3      | 1453 ||| Stepping ~*~*~tactically~*~*~ (hiding).
  1454 | D:3      | 1454 ||| Stepping ~*~*~tactically~*~*~ (hiding).
  1481 | D:3      | HP: 8/32 [gnoll/+0 spear (4)]
  1482 | D:3      | 1482 ||| READING scroll of teleportation.
  1483 | D:3      | HP: 1/32 [gnoll/+0 halberd (7)]
  1485 | D:3      | Reached skill level 5 in Axes
  1622 | D:3      | Noticed a water moccasin
  1646 | D:3      | Killed a water moccasin
  1647 | D:3      | Reached XP level 6. HP: 16/39 MP: 6/6
  2141 | D:3      | 2141 ||| READING scroll labelled HUDIEL OKKITUO.
  2142 | D:3      | 2142 ||| READING scroll labelled ADETUTHR MUUG.
  2143 | D:3      | 2143 ||| READING 3 scrolls of identify.
  2143 | D:3      | 2143 ||| IDENTIFYING fizzy grey potion
  2144 | D:3      | 2144 ||| READING 2 scrolls of identify.
  2144 | D:3      | 2144 ||| IDENTIFYING orange potion
  2213 | D:4      | Noticed Natasha
  2220 | D:4      | Killed Natasha
  2278 | D:4      | Noticed Grinder
  2279 | D:4      | 2279 ||| Stepping ~*~*~tactically~*~*~ (hiding).
  2281 | D:4      | 2281 ||| Stepping ~*~*~tactically~*~*~ (hiding).
  2282 | D:4      | 2282 ||| Stepping ~*~*~tactically~*~*~ (hiding).
  2288 | D:4      | Paralysed by Grinder for 2 turns
  2295 | D:4      | Paralysed by Grinder for 5 turns
  2302 | D:4      | Paralysed by Grinder for 3 turns
  2318 | D:4      | Killed Grinder
  2319 | D:4      | Reached skill level 6 in Axes
  2319 | D:4      | Reached XP level 7. HP: 44/44 MP: 7/7
  2347 | D:4      | Noticed a steam dragon
  2349 | D:4      | 2349 ||| Stepping ~*~*~tactically~*~*~ (cloud).
  2355 | D:4      | Killed from afar by a steam dragon

Levels and vault maps discovered:
D:1:      doesnt_arrival_eight_statues, layout_loops_ring,
          chequers_serial_rivers_room_b
D:2:      layout_rooms, basic_altar, hangedman_abyss_or_decor_lesser_grid,
          uniq_crazy_yiuf_cottage, uniq_jessica
D:3:      layout_basic, chequers_serial_rivers_marsh,
          chequers_serial_rivers_micro_c, minmay_misc_feat_rows
D:4:      layout_layer_cave, serial_shops, shop, uniq_natasha, uniq_grinder

Skill      XL: |  1  2  3  4  5  6 |
---------------+-------------------+-----
Axes           | 2 3 4 5 6 |  6.2
Throwing       | 1 |  1.3
Fighting       | 4 |  4.7
Armour         | |  3.2
Shields        | |  3.2

Action                     |  1- 3 |  4- 6 |  7- 9 || total
---------------------------+-------+-------+-------++-------
  Melee: War axe           |    50 |   108 |     4 ||   162
  Throw: Javelin           |    20 |    22 |       ||    42
    Use: Scroll            |     2 |     7 |       ||     9
         Potion            |       |     1 |       ||     1
 Armour: Scale mail        |    29 |     5 |       ||    34
         Plate armour      |       |    90 |     2 ||    92
  Dodge: Dodged            |    28 |    26 |     1 ||    55
  Block: Buckler           |    11 |    35 |     1 ||    47

Table legend:
 A = Non-vault XP
 B = Vault XP
 C = Vault XP percentage of total XP
 D = Non-vault monster count
 E = Vault monster count
 F = Vault count percentage of total count
                 A         B        C        D         E       F
            +---------+---------+-------+---------+---------+-------
      Total |     412 |     350 |  45.9 |      55 |       3 |   5.2
            +---------+---------+-------+---------+---------+-------
        D:1 |      47 |       0 |   0.0 |      25 |       0 |   0.0
        D:2 |      29 |      37 |  56.1 |       9 |       1 |  10.0
        D:3 |     332 |       0 |   0.0 |      19 |       0 |   0.0
        D:4 |       4 |     313 |  98.7 |       2 |       2 |  50.0
            +---------+---------+-------+---------+---------+-------
